 Dungeon Crawl Stone Soup version 0.17-a0-562-gfd539b1 (webtiles) character file.

486894 Summoner the Demonologist (level 23, -23/150 HPs)
             Began as a Deep Elf Summoner on Apr 12, 2015.
             Was the Champion of Sif Muna.
             Annihilated by an Orb Guardian (31 damage)
             ... on level 5 of the Realm of Zot on Apr 14, 2015.
             The game lasted 12:59:34 (110736 turns).

Summoner the Demonologist (Deep Elf Summoner)     Turns: 110736, Time: 12:59:34

Health: -23/150    AC: 16    Str:  8      XL:     23   Next: 19%
Magic:  28/49      EV: 25    Int: 28 (29) God:    Sif Muna [******]
Gold:   9346       SH:  7    Dex: 15      Spells: 13 memorised, 0 levels left

rFire  + + .     SeeInvis +     a - staff of summoning {!d}
rCold  + + .     Clarity  .     r - +2 robe {rC+ rF+}
rNeg   . . .     SustAb   +     o - +2 buckler
rPois  +         Gourm    +     F - +2 helmet {SInv}
rElec  +         Spirit   .     X - +2 cloak {MR+}
rCorr  +         Warding  +     C - +1 pair of gloves of the Vaults {MR+}
rMut   .         Stasis   .     x - +2 pair of boots {run}
MR     ++++.                    n - amulet of the gourmand
Stlth  +.........               E - ring "Omu Pei" {rElec Str+3}
                                y - ring of sustain abilities

@: about to teleport, resistant, very slightly contaminated, hasted, deflect
missiles, very quick, incredibly resistant to hostile enchantments, very
unstealthy
A: dopey 1, spit poison 1, no device heal 1
a: Spit Poison, Channel Energy, Forget Spell, Renounce Religion
0: Orb of Zot
}: 4/15 runes: serpentine, barnacled, slimy, silver


You were on level 5 of the Realm of Zot.
You worshipped Sif Muna.
Sif Muna was exalted by your worship.
You were full.

You visited 12 branches of the dungeon, and saw 65 of its levels.
You also visited: Sewer, Ice Cave and Wizlab.

You collected 11891 gold pieces.
You spent 2545 gold pieces at shops.


Innate Abilities, Weirdness & Mutations

You are dopey. (Int -2)
You can spit weak poison.
Potions and wands are less effective at restoring your health.


   Skills:
 - Level 17.2 Fighting
 - Level 4.0 Armour
 - Level 18.4 Dodging
 - Level 6.4 Stealth
 - Level 4.0 Shields
 - Level 20.0 Spellcasting
 - Level 11.8 Charms
 + Level 23.3 Summonings
 - Level 4.8 Necromancy
 - Level 4.0 Translocations
   Level 4.5 Ice Magic
 - Level 6.8 Air Magic
 - Level 16.2 Invocations
 - Level 5.0 Evocations


You couldn't memorise any spells.
You knew the following spells:

 Your Spells              Type           Power        Failure   Level  Hunger
a - Monstrous Menagerie   Summ           ########..   1%          6    None
b - Aura of Abjuration    Summ           ########..   1%          6    None
c - Recall                Summ/Tloc      N/A          0%          3    None
g - Dragon's Call         Summ           ########..   14%         9    #######
s - Shadow Creatures      Summ           N/A          0%          5    None
w - Summon Horrible Thin  Summ           ########..   1%          8    #####..
A - Apportation           Tloc           ######....   1%          1    None
C - Control Teleport      Chrm/Tloc      ######....   1%          4    None
F - Flight                Chrm/Air       ######....   1%          3    None
H - Haste                 Chrm           #######.     1%          6    None
M - Deflect Missiles      Chrm/Air       ######....   6%          6    None
N - Swiftness             Chrm/Air       ######..     1%          2    None
R - Regeneration          Chrm/Necr      ######....   1%          3    None

Inventory:

Armour
 o - a +2 buckler (worn)
 r - a +2 robe of resistance (worn)
 x - a +2 pair of boots of running (worn)
 C - the +1 pair of gloves of the Vaults (worn) {MR+}

   It affects your resistance to hostile enchantments.
 F - a +2 helmet of see invisible (worn)
 X - a +2 cloak of magic resistance (worn)
Magical staves
 a - an uncursed staff of summoning (weapon) {!d}
 b - an uncursed staff of wizardry {!a}
 c - an uncursed staff of energy {!a, !d}
Jewellery
 g - an uncursed amulet of resist corrosion
 j - an uncursed ring of protection from fire
 n - an amulet of the gourmand (around neck)
 q - the ring "Xaikes" {-Tele rF+ rC+ Str+3 Stlth+}

   [ring of protection from fire]

   It affects your strength (+3).
   It protects you from fire.
   It protects you from cold.
   It prevents most forms of teleportation.
   It makes you more stealthy.
 v - an uncursed ring of teleportation {!d}
 y - a ring of sustain abilities (left hand)
 E - the ring "Omu Pei" (right hand) {rElec Str+3}

   [ring of strength]

   It affects your strength (+3).
   It insulates you from electricity.
 G - an uncursed ring of poison resistance
 K - an uncursed ring of positive energy
 O - an uncursed amulet of clarity {!d}
 S - the amulet of Vitality {Regen+ HP+15}

   [amulet of regeneration]

   It affects your health (+15).
   It increases your rate of regeneration.
 T - the ring "Ehalab" {MR+ Str+3 Dex+6}

   [ring of protection from magic]

   It affects your strength (+3).
   It affects your dexterity (+6).
   It affects your resistance to hostile enchantments.
 U - an uncursed ring of protection from cold
 V - an uncursed amulet of resist mutation {!d}
 W - an uncursed ring of wizardry
Magical devices
 h - a wand of hasting (5) {!d}
 z - a wand of digging (15)
 A - a wand of heal wounds (4) {!d}
 B - a wand of disintegration (19)
 Z - a wand of teleportation (4) {!d}
Scrolls
 i - 7 scrolls of holy word
 l - 7 scrolls of fog {!d}
 m - 26 scrolls of remove curse
 s - 16 scrolls of identify
 t - 13 scrolls of fear
 u - 12 scrolls of teleportation {!d}
 I - a scroll of magic mapping {!d}
 Q - 9 scrolls of blinking {!d}
 Y - 9 scrolls of recharging
Potions
 d - 8 potions of agility
 e - 6 potions of brilliance
 f - 3 potions of cancellation
 k - 24 potions of curing {!d}
 p - 5 potions of magic {!d}
 w - 12 potions of restore abilities
 H - 8 potions of haste {!d}
 L - 3 potions of resistance {!d}
 N - a potion of heal wounds {!d}
 R - 2 potions of cure mutation
Comestibles
 D - 10 bread rations
 J - 30 meat rations

Dungeon Overview and Level Annotations

Branches:
Dungeon (15/15)            Temple (1/1) D:6            Lair (8/8) D:9
 Shoals (5/5) Lair:4        Snake (5/5) Lair:6        Slime (6/6) Lair:6
    Orc (4/4) D:10            Elf (3/3) Orc:4        Vaults (5/5) D:13
  Crypt (3/3) Vaults:2       Tomb (0/3) Crypt:3      Depths (5/5) D:15
    Zot (5/5) Depths:5

Altars:
Ashenzari
Cheibriados
Dithmenos
Elyvilon
Fedhas
Gozag
Kikubaaqudgha
Makhleb
Nemelex Xobeh
Okawaru
Qazlal
Ru
Sif Muna
Trog
Vehumet
Xom
Yredelemnul
Zin
The Shining One
Beogh
Jiyva

Shops:
D:5 %   D:13 (   D:14 [(}   Orc:2 *   Orc:4 ![[?*   Elf:1 =   Shoals:5 *
Snake:1 (   Vaults:1 [   Depths:1 *

Portals:
Hell: Depths:1 Depths:2 Depths:3 Depths:4 Depths:5
Abyss: Depths:1 Depths:4 Depths:5
Pandemonium: Depths:2 Depths:3 Depths:4
Ziggurat: Depths:2

Annotations:
D:6 1 exclusion
Elf:1 20 runed doors
Elf:2 5 runed doors
Crypt:1 exclusion: downstairs
Crypt:3 exclusion: upstairs
Depths:1 exclusion: door
Zot:2 exclusion: upstairs


Message History

Drink which item? (? for menu, Esc to quit)
You feel much better. The Orb Guardian hits you.
Unknown command.
Drink which item? (? for menu, Esc to quit)
You feel much better. The Orb Guardian hits you!!!
The Orb Guardian hits you but does no damage.
Your lindwurm barely misses the green draconian.
Your lindwurm claws the green draconian but does no damage.
Your lindwurm claws the green draconian.
The green draconian hits your lindwurm with a short sword!
The green draconian tail-slaps your lindwurm!
Your lindwurm dies!
Your lindwurm's corpse disappears in a puff of smoke!
An Orb Guardian comes into view.
Unknown command.
Drink which item? (? for menu, Esc to quit)
You feel much better.
The Orb Guardian seems to regain its courage.
You block the Orb Guardian's attack. x2
The orb of fire glows deep purple.
Strange energies course through your body.
Your system partially rejects artificial healing.
The electric golem crackles and sizzles.
The Orb Guardian hits you!!
A bolt hits the Orb Guardian!
Unknown command.
Drink which item? (? for menu, Esc to quit)
You feel much better. The Orb Guardian misses you.
The Orb Guardian hits you but does no damage.
The Orb Guardian hits you!!
The electric golem blinks!
The Orb Guardian closely misses you.
A golden dragon and a toenail golem come into view.
Unknown command.
Unknown command.
Drink which item? (? for menu, Esc to quit)
You feel much better. The Orb Guardian hits you!!
The orb of fire glows bright magenta.
Strange energies course through your body.
There is a nasty taste in your mouth for a moment.
The Orb Guardian hits you! The Orb Guardian hits you!!
You die...

* **************,,,
▓▓▓▓..,,,,,,,,,, **
##▓......,,,,,,,,, ,**
##...?.....,,,,,,,, ,,* *********
#.......8...,,,,,,,
,,***,,,,..,**▓.X.........,,,,,,,
,,**,,,,,....*▓.8.........,,,,,,,
,,*,,,,,......▓XX*.........,,,,,,
,,,,,,,,.^X....X@*...§..$..,,,,,,
,,*,,,,,X.....▓XXd......D..,,,,,,
,,**,,,,,...,*▓...........,,,,,,,
,,***,,,,.,,**▓...........,,,,,,,
,,* ********* ▓...........,,,,,,,
,** ▓▓.........,,,,,,,, **
▓▓▓......,,,,,,,,,
▓▓▓▓..,,,,,,,,,, *▓***********


You could see 2 orbs of fire, an electric golem, a golden dragon, a green
draconian, 8 Orb Guardians and a toenail golem.

Notes
Turn   | Place    | Note
--------------------------------------------------------------
     0 | D:1      | Summoner, the Deep Elf Summoner, began the quest for the Orb.
     0 | D:1      | Reached XP level 1. HP: 10/10 MP: 6/6
   780 | D:2      | Found a basalt altar of Yredelemnul.
   815 | D:2      | Reached XP level 2. HP: 16/16 MP: 4/8
   855 | D:2      | Learned a level 2 spell: Call Imp
  1238 | D:2      | Reached skill level 5 in Summonings
  1238 | D:2      | Reached XP level 3. HP: 20/20 MP: 4/9
  1283 | D:2      | Learned a level 3 spell: Call Canine Familiar
  2078 | D:3      | Found a snail-covered altar of Cheibriados.
  2411 | D:3      | Noticed Robin
  2414 | D:3      | Reached XP level 4. HP: 23/25 MP: 4/10
  2474 | D:3      | Killed Robin
  2646 | D:3      | Found a glowing drain.
  2650 | Sewer    | Entered a sewer
  3098 | Sewer    | Noticed a giant frog
  3112 | Sewer    | Killed a giant frog
  3112 | Sewer    | Reached XP level 5. HP: 17/29 MP: 4/12
  3248 | Sewer    | Learned a level 4 spell: Summon Ice Beast
  3495 | D:3      | Noticed Fluffy's ghost (weakling DsGl)
  3539 | D:3      | Killed Fluffy's ghost
  4658 | D:4      | Noticed Blork the orc
  4666 | D:4      | Killed Blork the orc
  4666 | D:4      | Reached skill level 4 in Spellcasting
  4666 | D:4      | Reached skill level 6 in Summonings
  4995 | D:4      | Noticed a phantom
  5186 | D:4      | Killed a phantom
  5186 | D:4      | Reached XP level 6. HP: 34/34 MP: 14/14
  6429 | D:5      | Entered Level 5 of the Dungeon
  6596 | D:5      | Found a shattered altar of Ashenzari.
  6937 | D:5      | Found Sakaqugg's Food Shoppe.
  6985 | D:5      | Found an opulent altar of Gozag.
  7198 | D:5      | Reached XP level 7. HP: 40/40 MP: 15/15
  7211 | D:5      | Learned a level 4 spell: Summon Lightning Spire
  7762 | D:6      | Reached skill level 7 in Summonings
  7958 | D:6      | Noticed Prince Ribbit
  8076 | D:6      | Noticed Sigmund
  8082 | D:6      | Killed Sigmund
  8116 | D:6      | Found a staircase to the Ecumenical Temple.
  8395 | Temple   | Entered the Ecumenical Temple
  8619 | Temple   | Became a worshipper of Sif Muna the Loreminder
  9769 | D:7      | Reached skill level 4 in Fighting
  9769 | D:7      | Reached skill level 8 in Summonings
  9769 | D:7      | Reached XP level 8. HP: 46/48 MP: 16/16
  9825 | D:8      | Noticed Erolcha
 10074 | D:8      | Found an ancient bone altar of Kikubaaqudgha.
 10074 | D:8      | Found a glowing silver altar of Zin.
 10081 | D:8      | Reached skill level 4 in Dodging
 10165 | D:8      | Killed Erolcha
 10165 | D:8      | Acquired Sif Muna's first power
 10173 | D:8      | Learned a level 3 spell: Regeneration
 10185 | D:8      | Reached skill level 9 in Summonings
 10386 | D:8      | Found a sacrificial altar of Ru.
 10506 | D:8      | Found a bloodstained altar of Trog.
 10539 | D:8      | Reached XP level 9. HP: 52/52 MP: 21/21
 10589 | D:8      | Noticed Psyche
 10592 | D:8      | Paralysed by Psyche for 2 turns
 10595 | D:8      | Paralysed by Psyche for 2 turns
 10603 | D:8      | Killed Psyche
 11065 | D:8      | Reached skill level 10 in Summonings
 11307 | D:8      | Acquired Sif Muna's second power
 11400 | D:8      | Found a shadowy altar of Dithmenos.
 11548 | D:8      | Noticed Grum
 11587 | D:8      | Killed Grum
 11587 | D:8      | Reached skill level 8 in Dodging
 11662 | D:8      | Found a stormy altar of Qazlal.
 12335 | D:9      | Found a white marble altar of Elyvilon.
 12449 | D:9      | Found a staircase to the Lair.
 12450 | D:9      | Noticed a fire drake
 12461 | D:9      | Killed a fire drake
 12969 | D:9      | Reached skill level 11 in Summonings
 13014 | D:9      | Reached XP level 10. HP: 56/56 MP: 19/22
 13439 | D:6      | Killed Prince Ribbit
 13734 | D:6      | Noticed Edmund
 13744 | D:6      | Killed Edmund
 13826 | D:6      | Found a shimmering altar of Xom.
 14021 | D:10     | Entered Level 10 of the Dungeon
 14046 | D:10     | Noticed a hill giant
 14057 | D:10     | Killed a hill giant
 14196 | D:10     | Noticed a hill giant
 14216 | D:10     | Killed a hill giant
 14481 | D:10     | Reached skill level 4 in Charms
 14569 | D:10     | Found a staircase to the Orcish Mines.
 14699 | D:10     | Noticed a hill giant
 14705 | D:10     | Noticed a cyclops
 14708 | D:10     | Noticed Urug
 14808 | D:10     | Killed Urug
 14808 | D:10     | Reached skill level 4 in Necromancy
 14925 | D:10     | Noticed a green ugly thing
 14931 | D:10     | Killed a green ugly thing
 15443 | D:10     | Killed a hill giant
 15501 | D:10     | Killed a cyclops
 15831 | D:10     | Killed an unseen horror
 16532 | D:11     | Reached skill level 4 in Ice Magic
 16532 | D:11     | Reached XP level 11. HP: 61/61 MP: 23/23
 16634 | D:11     | Noticed a hill giant
 16649 | D:11     | Killed a hill giant
 17398 | Lair:1   | Entered Level 1 of the Lair of Beasts
 17817 | Lair:1   | Noticed a six-headed hydra
 17828 | Lair:1   | Killed a six-headed hydra
 17996 | Lair:1   | Noticed a four-headed hydra
 18012 | Lair:1   | Killed a four-headed hydra
 18273 | Lair:1   | Reached skill level 4 in Air Magic
 19212 | Lair:2   | Found a white marble altar of Elyvilon.
 19649 | Lair:2   | Noticed an eight-headed hydra
 19655 | Lair:2   | Killed an eight-headed hydra
 19655 | Lair:2   | Reached skill level 4 in Invocations
 20213 | Lair:3   | Found a frozen archway.
 20222 | IceCv    | Entered an ice cave
 20463 | IceCv    | Noticed an ice statue
 20463 | IceCv    | Noticed an ice statue
 20473 | IceCv    | Learned a level 6 spell: Monstrous Menagerie
 20891 | Lair:3   | Noticed a death yak
 21317 | Lair:4   | Found a staircase to the Shoals.
 21478 | Lair:4   | Noticed a seven-headed hydra
 21483 | Lair:4   | Killed a seven-headed hydra
 21735 | Lair:4   | Noticed a death yak
 21745 | Lair:4   | Noticed a death yak
 21748 | Lair:4   | Killed a death yak
 21748 | Lair:4   | Reached skill level 8 in Fighting
 21748 | Lair:4   | Reached XP level 12. HP: 73/73 MP: 19/24
 21750 | Lair:4   | Noticed a death yak
 21750 | Lair:4   | Noticed a death yak
 21755 | Lair:4   | Killed a death yak
 21757 | Lair:4   | Killed a death yak
 21767 | Lair:4   | Killed a death yak
 22947 | Lair:3   | Noticed a death yak
 22947 | Lair:3   | Noticed a death yak
 22948 | Lair:3   | Noticed a death yak
 22949 | Lair:3   | Noticed a death yak
 22949 | Lair:3   | Killed a death yak
 22956 | Lair:3   | Killed a death yak
 22956 | Lair:3   | Killed a death yak
 22956 | Lair:3   | Killed a death yak
 22956 | Lair:3   | Acquired Sif Muna's third power
 22957 | Lair:3   | Killed a death yak
 23013 | Lair:3   | Noticed a death yak
 23026 | Lair:3   | Killed a death yak
 24097 | Lair:6   | Reached skill level 8 in Spellcasting
 24445 | Lair:6   | Got a faintly glowing marble ring
 24608 | Lair:6   | Noticed a seven-headed hydra
 24613 | Lair:6   | Killed a seven-headed hydra
 24637 | Lair:6   | Noticed a death yak
 24647 | Lair:6   | Killed a death yak
 24742 | Lair:5   | Identified the ring "Kocaj" {AC+2 Dex+4} (You found it on level 6 of the Lair of Beasts)
 24952 | Lair:6   | Reached skill level 12 in Summonings
 24953 | Lair:6   | Found a staircase to the Slime Pits.
 25081 | Lair:6   | Found a staircase to the Snake Pit.
 25661 | Lair:6   | Learned a level 3 spell: Recall
 26279 | Lair:7   | Noticed a six-headed hydra
 26300 | Lair:7   | Killed a six-headed hydra
 26300 | Lair:7   | Reached XP level 13. HP: 82/82 MP: 15/28
 26413 | Lair:7   | Noticed Rupert
 27384 | Lair:8   | Entered Level 8 of the Lair of Beasts
 27543 | Lair:8   | Reached skill level 4 in Stealth
 28578 | Lair:8   | Reached skill level 13 in Summonings
 29044 | Lair:8   | Got a scorched pewter amulet
 29047 | Lair:8   | Identified the amulet of the Exiled Wars {Regen+ Str+2 SInv} (You found it on level 8 of the Lair of Beasts)
 29606 | Lair:7   | Killed Rupert
 30973 | D:13     | Received a gift from Sif Muna
 30974 | D:13     | Identified Sif Muna's Arcane Arts Continued (Sif Muna gifted it to you on level 13 of the Dungeon)
 30980 | D:13     | Learned a level 4 spell: Control Teleport
 31473 | D:13     | Found Uliapp's Antique Weapon Shop.
 31843 | D:13     | Reached skill level 4 in Translocations
 32136 | D:13     | Found a gate to the Vaults.
 32316 | D:13     | Reached XP level 14. HP: 88/88 MP: 18/30
 33835 | D:14     | Found Miyv's Gadget Shop.
 33962 | D:14     | Found an ancient bone altar of Kikubaaqudgha.
 34097 | D:14     | Found Guevid's Antique Armour Boutique.
 34102 | D:14     | Bought a runed robe for 21 gold pieces
 34130 | D:14     | Found Poutror's Weapon Emporium.
 34623 | D:15     | Entered Level 15 of the Dungeon
 34634 | D:15     | Reached skill level 8 in Charms
 35873 | D:15     | Reached skill level 8 in Invocations
 35881 | D:15     | Found a staircase to the Depths.
 36131 | D:10     | Upgraded the game from 0.17-a0-530-gbe3d13a to 0.17-a0-547-g5e20af8
 36132 | Orc:1    | Entered Level 1 of the Orcish Mines
 36217 | Orc:1    | Found a roughly hewn altar of Beogh.
 36647 | Orc:2    | Found Puoxt's General Store.
 36665 | Orc:2    | Bought a scroll of identify for 30 gold pieces
 36953 | Orc:2    | Found a roughly hewn altar of Beogh.
 37285 | Orc:2    | Found a roughly hewn altar of Beogh.
 37405 | Orc:3    | Found a burning altar of Makhleb.
 37494 | Orc:3    | Noticed Sonja
 37653 | Orc:3    | Killed Sonja
 38046 | Orc:4    | Entered Level 4 of the Orcish Mines
 38312 | Orc:4    | Found a staircase to the Elven Halls.
 38540 | Orc:4    | Found Afapnin's Distillery.
 38550 | Orc:4    | Bought a potion of heal wounds for 75 gold pieces
 38550 | Orc:4    | Bought a potion of mutation for 37 gold pieces
 38739 | Orc:4    | Found a roughly hewn altar of Beogh.
 38856 | Orc:4    | Found Qiosk's Antique Armour Shop.
 38856 | Orc:4    | Found Uzuad's Antique Armour Emporium.
 39292 | Orc:4    | Found Zacoac's General Store.
 39292 | Orc:4    | Found Poseopacea's Magic Scroll Emporium.
 39297 | Orc:4    | Bought a potion of heal wounds for 60 gold pieces
 39297 | Orc:4    | Bought a scroll of identify for 24 gold pieces
 39306 | Orc:4    | Bought a scroll of blinking for 112 gold pieces
 39306 | Orc:4    | Bought a scroll of blinking for 112 gold pieces
 39306 | Orc:4    | Bought a scroll of teleportation for 45 gold pieces
 39622 | Orc:4    | Bought a smelly leather armour for 196 gold pieces
 39633 | Orc:4    | Identified the +3 leather armour of Guc Juec {rC+ MP+9} (You bought it in a shop on level 4 of the Orcish Mines)
 39690 | Orc:4    | Bought a pair of embroidered gloves for 94 gold pieces
 39743 | Orc:4    | Bought a scroll of amnesia for 42 gold pieces
 39743 | Orc:4    | Bought a potion of brilliance for 48 gold pieces
 39830 | Orc:4    | Bought a potion of curing for 45 gold pieces
 39830 | Orc:4    | Bought a potion of curing for 45 gold pieces
 39830 | Orc:4    | Bought 2 potions of agility for 120 gold pieces
 39830 | Orc:4    | Bought a potion of curing for 45 gold pieces
 39830 | Orc:4    | Bought a potion of cancellation for 120 gold pieces
 40424 | Snake:1  | Entered Level 1 of the Snake Pit
 40677 | Snake:1  | Found Qoac's Antique Weapon Boutique.
 40703 | Snake:1  | Reached skill level 12 in Fighting
 40932 | Snake:1  | Reached skill level 12 in Dodging
 41790 | Elf:1    | Entered Level 1 of the Elven Halls
 42862 | Elf:1    | Found a huge runed gate.
 42865 | Elf:1    | Found a huge runed gate.
 42866 | Elf:1    | Found a huge runed gate.
 42899 | Elf:1    | Found a huge runed gate.
 42900 | Elf:1    | Found a huge runed gate.
 42900 | Elf:1    | Found a huge runed gate.
 42900 | Elf:1    | Found a huge runed gate.
 42900 | Elf:1    | Found a huge runed gate.
 42900 | Elf:1    | Found a huge runed gate.
 43425 | Elf:1    | Noticed Agnes
 43462 | Elf:1    | Found Qev Ziet's Jewellery Shop.
 43651 | Elf:1    | Reached skill level 12 in Invocations
 44265 | Elf:1    | Killed Agnes
 44619 | Elf:1    | Found a huge runed gate.
 44677 | Elf:1    | Found a huge runed gate.
 44678 | Elf:1    | Found a huge runed gate.
 44701 | Elf:1    | Found a huge runed gate.
 44701 | Elf:1    | Found a huge runed gate.
 44702 | Elf:1    | Found a huge runed gate.
 44706 | Elf:1    | Found a huge runed gate.
 44707 | Elf:1    | Found a huge runed gate.
 44708 | Elf:1    | Found a huge runed gate.
 44718 | Elf:1    | Found a huge runed gate.
 44738 | Elf:1    | Noticed Nikola
 45180 | Snake:1  | Reached XP level 15. HP: 96/96 MP: 13/31
 45496 | Snake:1  | Learned a level 5 spell: Shadow Creatures
 45936 | Snake:2  | Noticed Azrael
 45942 | Snake:2  | Killed Azrael
 46355 | Snake:2  | Noticed Roxanne
 46497 | Snake:2  | Noticed Vashnia
 48139 | Snake:2  | Killed Vashnia
 48141 | Snake:2  | Reached skill level 14 in Invocations
 48322 | Snake:2  | Killed Roxanne
 50355 | Snake:4  | Reached skill level 15 in Invocations
 50497 | Snake:4  | Reached skill level 12 in Spellcasting
 51069 | Snake:4  | Noticed a greater naga
 51094 | Snake:4  | Killed a greater naga
 51997 | Shoals:1 | Entered Level 1 of the Shoals
 53073 | Shoals:2 | Noticed Polyphemus
 53283 | Shoals:2 | Reached skill level 16 in Invocations
 53523 | Shoals:2 | Killed Polyphemus
 54118 | Shoals:3 | Received a gift from Sif Muna
 54131 | Shoals:3 | Identified Sif Muna's Reference Book on Black Arts (Sif Muna gifted it to you on level 3 of the Shoals)
 55480 | Shoals:4 | Noticed a kraken
 55518 | Shoals:3 | Reached skill level 14 in Dodging
 55626 | Shoals:4 | Killed a kraken
 55754 | Shoals:4 | Reached skill level 14 in Summonings
 55766 | Shoals:4 | Reached XP level 16. HP: 101/101 MP: 21/35
 56559 | Shoals:5 | Entered Level 5 of the Shoals
 56568 | Shoals:5 | Noticed Louise
 57077 | Snake:5  | Entered Level 5 of the Snake Pit
 61698 | Snake:5  | Got a serpentine rune of Zot
 62126 | Shoals:5 | Killed Louise
 62534 | Shoals:5 | Noticed Ilsuiw
 62706 | Shoals:4 | Reached skill level 4 in Shields
 63500 | Vaults:1 | Entered Level 1 of the Vaults
 64431 | Vaults:1 | Found Hez Sir's Armour Boutique.
 64472 | Vaults:1 | Bought a +0 helmet of see invisible for 184 gold pieces
 64619 | Vaults:1 | Reached XP level 17. HP: 110/110 MP: 25/36
 64756 | Vaults:1 | Noticed Jorgrun
 65778 | Vaults:2 | Found a magical portal.
 65794 | WizLab   | Entered Zonguldrok's Shrine
 66039 | WizLab   | Noticed an antique lich
 66067 | WizLab   | Killed an antique lich
 66067 | WizLab   | Reached skill level 14 in Fighting
 66204 | Vaults:2 | Learned a level 3 spell: Flight
 66733 | Vaults:2 | Found a deep blue altar of Sif Muna.
 66856 | Vaults:2 | Reached skill level 16 in Summonings
 68639 | Vaults:2 | Found a staircase to the Crypt.
 69647 | Vaults:3 | Learned a level 7 spell: Summon Hydra
 70522 | Vaults:3 | Reached skill level 4 in Armour
 71464 | Vaults:3 | Received a gift from Sif Muna
 71493 | Vaults:3 | Learned a level 1 spell: Summon Butterflies
 72342 | Vaults:4 | Reached skill level 14 in Spellcasting
 72783 | Vaults:4 | Reached XP level 18. HP: 119/119 MP: 28/38
 74609 | Vaults:4 | Reached skill level 17 in Summonings
 75181 | Vaults:1 | Received a gift from Sif Muna
 75742 | Shoals:5 | Got a barnacled rune of Zot
 76167 | Shoals:5 | Found Aegaph's Alliterative Accessories.
 76763 | Shoals:5 | Killed Ilsuiw
 76839 | Shoals:5 | Learned a level 5 spell: Summon Mana Viper
 77038 | Shoals:5 | Reached skill level 18 in Summonings
 77202 | Shoals:5 | Bought a book of Air for 455 gold pieces
 77206 | Shoals:5 | Learned a level 2 spell: Swiftness
 77209 | Shoals:5 | Learned a level 2 spell: Repel Missiles
 78212 | Elf:2    | Found a huge runed gate.
 78212 | Elf:2    | Found a huge runed gate.
 78212 | Elf:2    | Found a huge runed gate.
 78213 | Elf:2    | Found a huge runed gate.
 78214 | Elf:2    | Found a huge runed gate.
 78448 | Elf:2    | Learned a level 6 spell: Monstrous Menagerie
 78518 | Elf:2    | Reached skill level 16 in Spellcasting
 78794 | Elf:2    | Identified a wand of heal wounds
 79349 | Elf:1    | Bought a cursed ring of teleportation for 188 gold pieces
 79467 | Elf:1    | Killed Nikola
 79502 | Elf:1    | Got a pair of encrusted gloves
 79503 | Elf:1    | Identified the +1 pair of gloves of the Vaults {MR+} (You took it off Nikola on level 1 of the Elven Halls)
 79588 | Elf:1    | Found a huge runed gate.
 79897 | Elf:3    | Entered Level 3 of the Elven Halls
 79899 | Elf:3    | Found a radiant altar of Vehumet.
 81246 | Elf:3    | Reached skill level 4 in Evocations
 81306 | Elf:3    | Noticed a Brimstone Fiend
 82165 | Elf:3    | Reached XP level 19. HP: 124/124 MP: 29/41
 82331 | Elf:3    | Got a clouded brass ring
 82355 | Elf:3    | Identified the ring "Omu Pei" {rElec Str+3} (You took it off a deep elf annihilator on level 3 of the Elven Halls)
 82510 | Elf:3    | Identified the Disquisition on Hurtful Lightness
 83240 | Lair:5   | Got a smoking robe
 83443 | D:15     | Identified the +1 robe "Tiawuposh" {Slay+2} (You found it on level 5 of the Lair of Beasts)
 83513 | Depths:1 | Entered Level 1 of the Depths
 83734 | Depths:1 | Found a gateway to Hell.
 83889 | Depths:1 | Found a one-way gate to the infinite horrors of the Abyss.
 83968 | Depths:1 | Found Naig's General Store.
 83978 | Depths:1 | Bought a scroll of teleportation for 57 gold pieces
 84281 | Depths:1 | Noticed a pearl dragon
 84299 | Depths:1 | Killed a pearl dragon
 84518 | Depths:2 | Received a gift from Sif Muna
 84519 | Depths:2 | Identified Sif Muna's Guide on the Escort (Sif Muna gifted it to you on level 2 of the Depths)
 84602 | Depths:1 | Learned a level 8 spell: Summon Horrible Things
 84764 | Depths:2 | Found a shadowy altar of Dithmenos.
 85160 | Depths:2 | Found a deep blue altar of Sif Muna.
 85290 | Depths:2 | Found a gateway to a ziggurat.
 85416 | Depths:2 | Noticed a golden dragon
 85424 | Depths:2 | Killed a golden dragon
 85736 | Depths:2 | Found an opulent altar of Gozag.
 85737 | Depths:2 | Found a one-way gate leading to the halls of Pandemonium.
 85791 | Depths:2 | Reached skill level 19 in Summonings
 86071 | Depths:2 | Found a shimmering altar of Xom.
 86078 | Depths:2 | Noticed a shard shrike
 86083 | Depths:2 | Killed a shard shrike
 86473 | Depths:2 | Received a gift from Sif Muna
 86474 | Depths:2 | Identified Kodemm's Disquisition on Air (Sif Muna gifted it to you on level 2 of the Depths)
 86962 | Depths:2 | Upgraded the game from 0.17-a0-547-g5e20af8 to 0.17-a0-562-gfd539b1
 87144 | Depths:3 | Noticed Saint Roka
 87562 | Depths:3 | Reached skill level 20 in Summonings
 88360 | Depths:3 | Noticed a caustic shrike
 88364 | Depths:3 | Noticed a caustic shrike
 88365 | Depths:3 | Noticed a caustic shrike
 88367 | Depths:3 | Noticed a caustic shrike
 88367 | Depths:3 | Killed Saint Roka
 88367 | Depths:3 | Reached XP level 20. HP: 102/129 MP: 32/43
 88836 | Depths:3 | Noticed a golden dragon
 88845 | Depths:3 | Killed a golden dragon
 88862 | Depths:3 | Received a gift from Sif Muna
 88935 | Depths:3 | Killed a caustic shrike
 88942 | Depths:3 | Killed a caustic shrike
 88943 | Depths:3 | Killed a caustic shrike
 88946 | Depths:3 | Killed a caustic shrike
 89890 | Depths:3 | Reached skill level 16 in Dodging
 90076 | Depths:3 | Noticed a caustic shrike
 90077 | Depths:3 | a caustic shrike changed into an acid blob
 90084 | Depths:3 | Noticed a caustic shrike
 90084 | Depths:3 | Noticed a golden dragon
 90084 | Depths:3 | a caustic shrike changed into a golden dragon
 90086 | Depths:3 | a golden dragon changed into an acid blob
 90213 | Depths:3 | Identified the Collected Works on Attacks and the Blaze (You found it on level 3 of the Depths)
 91676 | Depths:4 | Noticed a caustic shrike
 91691 | Depths:4 | Killed a caustic shrike
 92930 | Depths:4 | Noticed a golden dragon
 92938 | Depths:4 | Killed a golden dragon
 93309 | Depths:4 | Reached XP level 21. HP: 115/135 MP: 36/45
 93749 | Depths:4 | Identified Juamoxke's Grimoire of Excruciating Translocation (You found it on level 4 of the Depths)
 94043 | Depths:4 | Noticed a golden dragon
 94073 | Depths:4 | Reached skill level 16 in Fighting
 94109 | Depths:4 | Noticed a golden dragon
 94109 | Depths:4 | Killed a golden dragon
 94117 | Depths:4 | Killed a golden dragon
 94376 | Depths:4 | Noticed a golden dragon
 94384 | Depths:4 | Killed a golden dragon
 94456 | Depths:4 | Noticed a golden dragon
 94467 | Depths:4 | Killed a golden dragon
 94958 | Depths:5 | Entered Level 5 of the Depths
 96123 | Depths:5 | Found a gate to the Realm of Zot.
 96264 | Depths:5 | Reached skill level 21 in Summonings
 96878 | Vaults:1 | Killed Jorgrun
 96878 | Vaults:1 | Received a gift from Sif Muna
 97245 | Crypt:1  | Entered Level 1 of the Crypt
 99782 | Crypt:3  | Entered Level 3 of the Crypt
101108 | Crypt:3  | Received a gift from Sif Muna
101779 | Crypt:3  | Reached XP level 22. HP: 144/144 MP: 40/46
102062 | Crypt:3  | Found a staircase to the Tomb.
103001 | Crypt:3  | Noticed an ancient lich
103009 | Crypt:3  | Killed an ancient lich
103009 | Crypt:3  | Reached skill level 22 in Summonings
103060 | Crypt:3  | Found an ancient bone altar of Kikubaaqudgha.
103141 | Crypt:3  | Learned a level 6 spell: Aura of Abjuration
103154 | Crypt:3  | Learned a level 6 spell: Deflect Missiles
103544 | Crypt:1  | Noticed a greater mummy
103559 | Crypt:1  | Killed a greater mummy
103645 | Crypt:1  | Noticed Khufu
103645 | Crypt:1  | Noticed a greater mummy
103972 | Crypt:1  | Killed a greater mummy
104023 | Crypt:1  | Killed Khufu
104334 | Vaults:5 | Entered Level 5 of the Vaults
104513 | Vaults:5 | Noticed Xtahua
104528 | Vaults:5 | Killed Xtahua
104782 | Vaults:5 | Got a sparkling iron ring
104783 | Vaults:5 | Identified the ring "Ehalab" {MR+ Str+3 Dex+6} (You found it on level 5 of the Vaults)
104789 | Vaults:5 | Got a brightly glowing silver ring
104790 | Vaults:5 | Identified the ring "Xaikes" {-Tele rF+ rC+ Str+3 Stlth+} (You found it on level 5 of the Vaults)
105185 | Vaults:5 | Received a gift from Sif Muna
105186 | Vaults:5 | Identified Sif Muna's Guide on Displaced Evil (Sif Muna gifted it to you on level 5 of the Vaults)
105316 | Vaults:5 | Got a pair of ancient boots
105317 | Vaults:5 | Identified the cursed +0 pair of boots of Milontik {MP+9} (You found it on level 5 of the Vaults)
105618 | Vaults:5 | Got a silver rune of Zot
105639 | Vaults:5 | Got a faintly humming cloak
105640 | Vaults:5 | Identified the -4 cloak of the Apprentice {-Cast rElec rPois MP+9} (You found it on level 5 of the Vaults)
105643 | Vaults:5 | Noticed an ancient lich
105653 | Vaults:5 | Killed an ancient lich
105822 | Vaults:5 | Noticed an ancient lich
105839 | Vaults:5 | Killed an ancient lich
106276 | Vaults:5 | Reached skill level 20 in Spellcasting
107341 | Depths:2 | Learned a level 9 spell: Dragon's Call
107584 | Elf:1    | Bought an uncursed ring of wizardry for 390 gold pieces
107902 | Slime:1  | Entered Level 1 of the Pits of Slime
107922 | Slime:1  | Received a gift from Sif Muna
107923 | Slime:1  | Identified Sif Muna's Grimoire of Talismans (Sif Muna gifted it to you on level 1 of the Pits of Slime)
107981 | Lair:6   | Learned a level 6 spell: Haste
108178 | Slime:6  | Entered Level 6 of the Pits of Slime
108635 | Slime:6  | Found a viscous altar of Jiyva.
108799 | Slime:6  | Noticed the royal jelly
108817 | Slime:6  | Killed the royal jelly
108817 | Slime:6  | Reached XP level 23. HP: 133/150 MP: 10/49
109074 | Slime:6  | Got a slimy rune of Zot
109141 | Slime:6  | Learned a level 1 spell: Apportation
109693 | Zot:1    | Entered Level 1 of the Realm of Zot
110009 | Zot:4    | Reached skill level 23 in Summonings
110085 | Zot:5    | Entered Level 5 of the Realm of Zot
110722 | Zot:5    | Noticed an orb of fire
110722 | Zot:5    | Noticed an orb of fire
110722 | Zot:5    | ...
110722 | Zot:5    | Gained mutation: You are dopey. (Int -2) [an orb of fire]
110731 | Zot:5    | Got the Orb of Zot
110734 | Zot:5    | Gained mutation: Potions and wands are less effective at restoring your health. [an orb of fire]
110736 | Zot:5    | Gained mutation: You can spit weak poison. [an orb of fire]
110736 | Zot:5    | Annihilated by an Orb Guardian

Action                   |  1- 3 |  4- 6 |  7- 9 | 10-12 | 13-15 | 16-18 | 19-21 | 22-24 || total
-------------------------+-------+-------+-------+-------+-------+-------+-------+-------++-------
Melee: Dagger            |       |    35 |    63 |    14 |       |       |       |       ||   112
       Short sword       |       |       |       |    44 |   168 |       |       |       ||   212
       Staff             |       |       |       |       |       |     3 |     2 |     4 ||     9
 Cast: Summon Small Mamm |    48 |    16 |     5 |     5 |       |       |       |       ||    74
       Call Imp          |    19 |    66 |    15 |    12 |       |       |       |       ||   112
       Call Canine Famil |     7 |    36 |    34 |    59 |    46 |       |       |       ||   182
       Summon Ice Beast  |       |       |    98 |   292 |   397 |   102 |       |       ||   889
       Summon Lightning  |       |       |       |    16 |     2 |       |       |       ||    18
       Monstrous Menager |       |       |       |    29 |   348 |   691 |   641 |   283 ||  1992
       Regeneration      |       |       |       |     6 |     7 |    27 |    49 |    15 ||   104
       Recall            |       |       |       |       |     5 |       |       |     1 ||     6
       Control Teleport  |       |       |       |       |     2 |     3 |     3 |     2 ||    10
       Shadow Creatures  |       |       |       |       |   101 |   197 |   138 |     6 ||   442
       Summon Hydra      |       |       |       |       |       |    61 |    21 |       ||    82
       Flight            |       |       |       |       |       |    19 |     9 |       ||    28
       Repel Missiles    |       |       |       |       |       |     3 |     7 |       ||    10
       Summon Butterflie |       |       |       |       |       |     1 |       |       ||     1
       Summon Horrible T |       |       |       |       |       |       |    74 |    52 ||   126
       Summon Mana Viper |       |       |       |       |       |       |    34 |     6 ||    40
       Deflect Missiles  |       |       |       |       |       |       |       |     3 ||     3
       Haste             |       |       |       |       |       |       |       |     2 ||     2
       Aura of Abjuratio |       |       |       |       |       |       |       |     1 ||     1
       Dragon's Call     |       |       |       |       |       |       |       |     1 ||     1
       Apportation       |       |       |       |       |       |       |       |     8 ||     8
Invok: Channel Energy    |       |       |    44 |   228 |   455 |   869 |   873 |   375 ||  2844
       Forget Spell      |       |       |       |       |       |     1 |       |       ||     1
 Abil: Evoke Teleportati |       |       |       |       |       |     1 |       |       ||     1
Evoke: Wand              |       |       |       |     1 |       |     2 |     1 |     8 ||    12
  Use: Scroll            |       |     6 |     6 |    16 |    21 |    16 |    18 |    28 ||   111
       Potion            |       |       |       |       |     5 |     3 |     4 |    13 ||    25
 Stab: Sleeping          |       |     2 |     2 |     3 |     3 |       |       |       ||    10
       Distracted        |       |       |       |       |     1 |       |       |       ||     1
       Paralysed         |       |       |       |       |       |       |       |     2 ||     2
  Eat: Chunk             |     6 |    27 |    37 |   107 |   242 |   295 |   176 |    55 ||   945
       Fruit             |       |       |       |       |    33 |     4 |     8 |     4 ||    49
       Bread ration      |       |       |       |       |     3 |     9 |     3 |     8 ||    23
       Beef jerky        |       |       |       |       |     3 |       |       |     1 ||     4
       Meat ration       |       |       |       |       |       |     2 |     6 |     2 ||    10
       Royal jelly       |       |       |       |       |       |       |     1 |       ||     1
       Pizza             |       |       |       |       |       |       |     1 |     1 ||     2

Vault maps used:
D:1:      lightli_arrival_quake, grunt_decor_fettered
D:2:      old_standard_altar
D:3:      lemuel_round_altar, gup_sewer_entry_spiral, minmay_misc_feat_x,
          minmay_ruptured, uniq_robin
D:4:      first_bread, uniq_blork_the_orc
D:5:      cheibrodos_ashenzari_chains, serial_shops, shop,
          nicolae_gozag_cash_rules_everything_around_me
D:6:      old_forge, lemuel_crystal_altar, minmay_temple_entry_from_below_a,
          uniq_sigmund, uniq_edmund, uniq_prince_ribbit1
D:8:      minmay_goldmine, nicolae_ru_sacrificial_ziggurat,
          trog_ov_bears_minmay, grunt_dithmenos_shadows, kennysheep_mini_moat,
          grunt_temple_overflow_open, grunt_livestock, uniq_grum, uniq_erolcha,
          uniq_psyche
D:9:      elyvilon_altar_1, minmay_lair_entry_lava
D:10:     zombieorc2_lemuel, minmay_diamond_spiral, uniq_urug
D:11:     kennysheep_generic_room_16
D:13:     lightli_vaults_fourway_checkpoint, serial_shops, shop, minivault_16,
          hangedman_corner_corridor
D:14:     roderic_hopi_sauvastika, serial_shops, nicolae_shop_waterfront,
          shop_fountains, shop, lemuel_mausoleum_altar_kikubaaqudgha
D:15:     grunt_enter_depths_magical_seal, minmay_misc_feat_plants
Temple:   minmay_temple_bridge_d_8
Lair:1:   st_stairs_8
Lair:2:   basic_altar, lemuel_fruit_tree
Lair:3:   portal_ice_cave_entry_pillars_01, small_statue_intersection,
          grunt_megastairs_3
Lair:4:   minmay_shoals_entry_centaurs, lemuel_fruit_fields, grunt_megastairs_2
Lair:5:   nicolae_quartered_pool_medium
Lair:6:   minmay_snake_entry_six_corridors, minmay_slime_entry_oklob_enclosed,
          worms_lemuel, lemuel_fruit_fields
Lair:7:   serial_bayou_lagoon_a, uniq_rupert
Lair:8:   minmay_lair_end_frog_pond, minivault_29, lemuel_fruit_fields
Shoals:1: nicolae_shoals_loop_pool
Shoals:2: uniq_polyphemus
Shoals:4: st_cyclops
Shoals:5: shoals_end_simple, shoal_ilsuiw, nicolae_alphabet_shops, uniq_louise
Snake:1:  serial_shops, shop
Snake:2:  uniq_roxanne, uniq_azrael, uniq_vashnia
Snake:3:  st_stairs_9
Snake:5:  snake_pit_salamanders_mu, st_stairs_13
Orc:1:    nicolae_orc_accident_3, basic_altar
Orc:2:    basic_altar, serial_shops, shop, minmay_orc_temple_b
Orc:3:    basic_altar, nicolae_orc_pool_cavern, mines3_lemuel, uniq_sonja
Orc:4:    st_orc_town, serial_shops, shop_statue, sword_in_stone
Elf:1:    eino_elf_arrival_the_gate, serial_shops, shop,
          hangedman_elven_crosses_minicolossus, dk_noncrumbling_4, door_vault,
          uniq_nikola, uniq_agnes
Elf:2:    st_stairs_14
Elf:3:    elf_hall, basic_altar, evilmike_surprise_oklob
Vaults:1: v_misc_16, st_diamondy, hangedman_vaults_slither,
          nicolae_vaults_asterisk, nicolae_vaults_three_branches,
          nicolae_vaults_puzzle_piece, ontoclasm_vaults_ligature,
          vaults_room_mumra_shop_pool, v_misc_17, ontoclasm_vaults_shuriken,
          ontoclasm_vaults_decontamination, vaults_mumra_hex,
          nicolae_vaults_mini_display_case, uniq_jorgrun
Vaults:2: hangedman_vaults_hat, st_hourglassy, ontoclasm_vaults_gateway,
          nicolae_vaults_puzzle_piece, hangedman_vaults_restitches, v_misc_2,
          v_misc_27, ontoclasm_vaults_pinch, v_pattern_2,
          minmay_crypt_entry_simple_box, ontoclasm_vaults_twist,
          nicolae_vaults_gold_heap, vaults_dpeg_diagonal, basic_altar,
          mu_enter_wizlab_4
Vaults:3: v_misc_17, hangedman_vaults_capsules, v_alt_pattern_6,
          hangedman_vaults_snaps, st_lattice, v_misc_15,
          grunt_vaults_hallway_long, vaults_room_pool, v_rooms_4,
          vaults_room_fours
Vaults:4: ontoclasm_vaults_tryst, nicolae_vaults_hallways_thing,
          grunt_vaults_swirl, nicolae_vaults_windows_and_doors_thing,
          grunt_vaults_hallway_long, v_pattern_1, vaults_room_corners,
          grunt_vaults_bifocal, ontoclasm_vaults_hangar
Vaults:5: uniq_xtahua
Crypt:1:  ragdoll_tomb_raider, grunt_crypt_arrival_webbed
Crypt:2:  lemuel_elevator
Crypt:3:  quadcrypt_mu
Depths:1: pf_hell_entry_great_geh, minmay_room_of_horrors,
          minmay_misc_feat_ornament, serial_shops,
          nicolae_shop_temple_entry_statues_fountains, hallowed_hall
Depths:2: grunt_profane_halls, pan_entry, hell_entry
Depths:3: grunt_bent_corner, lightli_too_deep, pan_entry,
          kennysheep_just_a_vault, minmay_staircase_windowed_large,
          kennysheep_random_hallway, uniq_saint_roka
Depths:4: hangedman_box_tower, rand_demon_pan_entry_1, kennysheep_pointless_box,
          hell_entry, abyss_entry, eino_curves_03, minmay_misc_feat_room,
          infiniplex_staircase_spiral, firewood_loft
Depths:5: grunt_zot_entry_tricorne, abyss_entry, minmay_misc_feat_chi,
          hell_entry
Zot:1:    st_stairs_12
Sewer:    sewer_frog_island_01
IceCv:    ice_cave_small_dragons
WizLab:   wizlab_zonguldrok

Vanquished Creatures
  A wyvern
  A giant frog
  A crimson imp
  3 worker ants
  2 orc wizards
  5 iguanas
  A hound zombie
  2 adders
  4 orcs
  2 bats
  3 goblins
  A hobgoblin
  7 kobolds
  A goblin skeleton
  A jackal skeleton
  A quokka
  7 rats
  6 ballistomycetes
49 creatures vanquished.

Vanquished Creatures (collateral kills)
  the royal jelly Khufu
  4 ancient liches
  2 greater mummies
  A shard shrike Saint Roka Vashnia
  4 caustic shrikes
  A Killer Klown Nikola
  10 golden dragons Xtahua
  A bone dragon
  A pearl dragon Jorgrun
  An electric golem Rupert
  10 tentacled monstrosities
  7 liches
  2 deep elf blademasters
  A titan
  An Orb Guardian
  A quicksilver dragon (shapeshifter)
  20 acid blobs
  6 quicksilver dragons
  3 deep elf master archers Polyphemus
  3 krakens
  14 sphinxes
  2 ancient champions Agnes
  7 greater nagas
  6 storm dragons
  8 shadow dragons
  11 tengu reavers
  2 revenants Roxanne Ilsuiw
  17 fire giants
  15 frost giants
  9 azure jellies
  A draconian knight
  13 vault wardens
  5 iron dragons Louise
  11 deep elf sorcerers
  3 balrugs
  2 curse skulls
  A draconian scorcher
  11 ironheart preservers
  2 draconian zealots
  2 ghouls
  A reaper
  5 war gargoyles
  5 spriggan defenders
  28 very ugly things
  31 stone giants
  A green draconian
  9 deep elf demonologists
  2 salamander firebrands
  9 vampire knights Azrael
  A purple draconian
  6 deep elf annihilators
  2 yellow draconians
  2 mottled draconians
  3 white draconians
  6 eidola
  10 merfolk javelineers
  9 deep elf death magi
  16 ettins
  10 death oozes
  2 mummy priests Erolcha
  A crystal guardian
  An ettin (shapeshifter)
  16 merfolk impalers
  9 rakshasas
  7 jiangshi
  8 hydras
  18 fire dragons
  17 yaktaur captains
  9 entropy weavers
  31 vault guards
  18 ice dragons
  11 deep elf high priests
  17 naga warriors
  14 great orbs of eyes
  A quicksilver dragon skeleton
  A catoblepas
  3 spriggan air magi
  5 merfolk avatars
  2 satyrs
  An alligator snapping turtle (shapeshifter)
  14 anacondas
  15 deep troll earth magi
  7 dancing weapons
  15 death yaks
  13 centaur warriors
  14 ogre magi
  3 salamander stormcallers
  2 merfolk aquamancers
  4 tengu warriors
  8 vampire magi
  A shock serpent (shapeshifter)
  9 spriggan berserkers
  8 orc high priests
  26 naga sharpshooters Urug
  6 sun demons
  23 deep elf knights
  A storm dragon zombie Sonja
  5 shock serpents
  11 deep troll shamans
  4 soul eaters
  30 hell knights
  8 shadow wraiths
  A shadow demon
  2 iron trolls
  3 ice devils
  2 golden dragon zombies
  43 deep trolls
  3 fire crabs
  6 salamander mystics
  30 skeletal warriors
  13 flayed ghosts
  2 storm dragon skeletons
  2 unseen horrors
  A hell beast
  A swamp dragon (shapeshifter)
  A hill giant (shapeshifter)
  An anubis guard (shapeshifter)
  10 harpies
  12 deep elf summoners
  18 phantasmal warriors
  12 sea snakes
  8 naga ritualists
  2 ice statues
  8 giant orange brains
  An orb spider (shapeshifter)
  14 necromancers
  7 lindwurms
  13 mana vipers
  11 hill giants
  2 wizards
  5 oklob plants
  5 wolf spiders
  14 manticores
  A wolf spider zombie
  13 ironbrand convokers
  76 ugly things
  6 hornets
  A manticore (shapeshifter)
  7 orc knights
  27 deep elf conjurers
  3 orc sorcerers
  5 centaur zombies
  6 moths of wrath
  11 water nymphs
  13 fauns
  6 shining eyes
  15 salamanders
  A tengu skeleton
  18 griffons
  A sphinx skeleton
  2 sixfirhies
  11 rust devils
  An iron dragon skeleton
  14 sirens
  A fire giant skeleton
  6 guardian serpents
  14 cyclopes
  3 eyes of devastation
  18 vault sentinels
  2 centaur skeletons
  2 frost giant skeletons
  13 elephants
  A spriggan zombie
  A titan simulacrum
  54 black mambas
  A human skeleton Psyche
  An orange demon
  An elephant slug zombie
  A queen ant
  2 kobold demonologists
  3 large abominations
  19 naga magi
  A yellow draconian zombie
  A dire elephant skeleton
  A mottled draconian zombie
  6 smoke demons
  68 yaktaurs
  30 spiny frogs
  5 tengu conjurers
  2 fire drakes
  6 gargoyles
  A fire drake (shapeshifter)
  A yaktaur (shapeshifter)
  4 trolls
  15 deep elf priests
  5 komodo dragons
  6 guardian mummies
  A yaktaur skeleton
  A demonic crawler
  3 hellwings
  5 blue devils
  10 red devils
  2 jumping spiders
  50 merfolk
  2 trolls (shapeshifter)
  A giant leech (shapeshifter)
  4 polar bears
  A jumping spider (shapeshifter)
  A tengu simulacrum
  67 slime creatures
  8 freezing wraiths
  3 giant leeches Prince Ribbit
  13 ravens
  A harpy skeleton
  4 wind drakes
  30 two-headed ogres
  An ice dragon zombie
  An alligator zombie
  2 fire giant simulacra
  An ettin zombie
  25 blink frogs
  A raven (shapeshifter)
  A hydra skeleton
  8 snapping turtles
  2 bog bodies
  5 boulder beetles
  A frost giant simulacrum
  A trapdoor spider (shapeshifter)
  38 yaks Sigmund
  10 flying skulls
  20 redbacks
  A redback (shapeshifter)
  A shadow dragon simulacrum
  9 spriggans
  A spriggan (shapeshifter)
  31 deep elf magi
  An ice dragon skeleton
  A fire dragon skeleton
  14 shadows
  A basilisk
  38 deep elf fighters
  7 water elementals
  7 hungry ghosts
  7 vampires
  3 wyverns
  6 fire elementals
  A human
  14 hippogriffs
  A human (shapeshifter)
  14 wraiths Grum
  A tarantella
  A hog
  2 hill giant zombies
  2 golden eyes
  5 chaos spawn
  A merfolk zombie
  11 vampire mosquitoes
  A faun zombie
  3 mottled dragons Edmund
  13 swamp worms
  36 water moccasins
  21 soldier ants
  A merfolk skeleton
  13 wolves
  A porcupine (shapeshifter)
  9 wargs
  7 hell hounds
  13 porcupines
  51 nagas
  An ettin simulacrum
  4 black bears
  16 ice beasts
  A putrid demonspawn skeleton
  3 necrophages
  3 eyes of draining
  2 faun skeletons
  35 orc warriors
  9 phantoms
  A sky beast
  An elephant zombie
  57 ogres
  An eye of draining (shapeshifter)
  2 boring beetles (shapeshifter)
  9 wasps
  5 lost souls
  A big kobold
  6 boggarts
  14 crocodiles
  2 boring beetles
  An ogre (shapeshifter)
  A fire drake zombie
  2 brain worms
  A fire drake skeleton Blork the orc
  2 elf zombies
  27 centaurs
  36 giant frogs
  A wyvern zombie
  2 elf skeletons
  13 troll zombies
  5 scorpions
  23 killer bees
  13 small abominations
  The ghost of Fluffy the Slasher, a weakling DsGl
  5 electric eels
  2 lava snakes
  2 goliath beetles
  2 giant frog zombies
  20 wights
  7 crimson imps
  9 human zombies
  48 orc priests
  A wyvern simulacrum
  7 iguanas
  3 giant frog skeletons
  22 jellies
  2 quasits
  A two-headed ogre zombie
  5 hounds
  36 orc wizards
  32 worker ants
  A basilisk skeleton
  3 hell rats
  29 sheep
  A felid skeleton
  13 ogre zombies
  A hound skeleton
  16 mummies Robin
  A worker ant zombie
  5 shadow imps
  20 adders
  A scorpion zombie
  23 river rats
  11 worms
  An adder skeleton
  An adder zombie
  7 giant geckos
  An ooze
  202 orcs
  A bat zombie
  9 giant cockroaches
  19 goblins
  21 hobgoblins
  11 jackals
  4 quokkas
  6 ball pythons
  14 bats
  A giant gecko skeleton
  8 giant newts
  3 goblin zombies
  A hobgoblin skeleton
  2 hobgoblin zombies
  10 kobolds
  8 orc skeletons
  13 orc zombies
  A quokka zombie
  16 rats
  A river rat skeleton
  29 ballistomycetes
  2 butterflies
  3 crawling corpses
  2 fungi
  7 plants
  A tentacle
3315 creatures vanquished.

Vanquished Creatures (others)
  A caustic shrike
  2 golden dragons
  7 tentacled monstrosities
  50 sphinxes
  A quicksilver dragon
  A shadow dragon
  A frost giant
  An iron dragon
  A curse skull
  2 ironheart preservers
  A stone giant
  3 yaktaur captains
  3 ogre magi
  A rakshasa
  A centaur warrior
  7 hydras
  3 anacondas
  A deep troll shaman
  A vampire mage
  A tengu warrior
  A naga sharpshooter
  305 harpies
  A deep elf knight
  A shock serpent
  A spriggan
  2 skeletal warriors
  A fire crab
  An iron troll
  2 wizards
  130 lindwurms
  A hell knight
  2 orc knights
  2 necromancers
  A lindwurm (shapeshifter)
  An orc sorcerer
  3 ironbrand convokers
  A wolf spider
  2 ugly things
  3 slime creatures
  2 griffons
  11 mana vipers
  A hornet
  116 manticores
  2 drowned souls
  4 vault sentinels
  2 guardian serpents
  A hellion
  6 black mambas
  6 yaktaurs
  A fire drake (shapeshifter)
  A tengu conjurer
  A jumping spider
  2 merfolk
  A boulder beetle
  A wind drake (shapeshifter)
  3 ravens
  A flying skull
  A two-headed ogre
  A raven (shapeshifter)
  2 deep elf magi
  An air elemental
  5 redbacks
  5 wraiths
  A hungry ghost
  2 shadows
  3 deep elf fighters
  3 water elementals
  A hippogriff
  21 wolves
  24 wargs
  2 vampire mosquitoes
  3 nagas
  A necrophage
  116 ice beasts
  A black bear (shapeshifter)
  A wasp
  7 water moccasins
  An orc warrior
  179 large abominations
  7 boggarts
  7 ogres
  7 lost souls
  5 lightning spires
  2 troll zombies
  A wight
  10 crimson imps
  12 hounds
  An orc wizard
  An iron imp
  A hell rat
  A mummy
  5 shadow imps
  An adder
  10 white imps
  6 orcs
  5 bats
  13 quokkas
  2 giant spores
  6 rats
  A crawling corpse
  9 fungi
  28 plants
  27 tentacles
  540 tentacle segments
1801 creatures vanquished.

Grand Total: 5165 creatures vanquished
